 Dungeon Crawl Stone Soup version 0.17-a0-1069-g92ad481 (webtiles) character file.

411 hornqvist the Shield-Bearer (level 7, -4/52 HPs)
             Began as a Formicid Fighter on May 17, 2015.
             Killed by divine providence
             ... invoked by an orc priest
              (10 damage)
             ... on level 4 of the Dungeon.
             The game lasted 00:02:39 (2787 turns).

hornqvist the Shield-Bearer (Formicid Fighter)      Turns: 2787, Time: 00:02:39

Health: -4/52      AC:  7    Str: 20 (23) XL:     7   Next: 14%
Magic:  7/7        EV:  8    Int:  7      God:
Gold:   163        SH: 10    Dex: 10      Spells: 0 memorised, 6 levels left

rFire  . . .     SeeInvis +     a - +0 war axe
rCold  . . .     Clarity  .     b - +0 scale mail
rNeg   . . .     SustAb   .     c - +0 shield
rPois  .         Gourm    .     (helmet unavailable)
rElec  .         Spirit   .     (no cloak)
rCorr  .         Warding  .     (no gloves)
rMut   .         Stasis   +     (no boots)
MR     .....                    (no amulet)
Stlth  ..........               (no ring)
                                t - ring of loudness (curse)

@: not resistant to hostile enchantments, extremely unstealthy
A: permanent stasis, dig shafts and tunnels, four strong arms, antennae 3
a: Dig, Shaft Self


You were on level 4 of the Dungeon.
You were hungry.

You visited 1 branch of the dungeon, and saw 4 of its levels.

You collected 163 gold pieces.

Inventory:

Hand weapons
 a - a +0 war axe (weapon)
 x - a +0 morningstar
Armour
 b - a +0 scale mail (worn)
 c - a +0 shield (worn)
Jewellery
 t - a cursed ring of loudness (left hand)
 D - an uncursed amulet of stasis {unknown}
Magical devices
 o - a wand of random effects (24)
 y - a wand of flame (22)
Scrolls
 g - 2 scrolls of amnesia {unknown}
 h - 3 scrolls of fear {unknown}
 i - a scroll of enchant armour {unknown}
 q - 2 scrolls of remove curse {unknown}
 r - 2 scrolls of recharging {unknown}
 s - 6 scrolls of identify {unknown}
 B - a scroll of teleportation {unknown}
 C - a scroll of blinking {unknown}
Potions
 d - 2 potions of might
 f - a potion of degeneration
 k - a potion of haste
 m - a potion of agility {unknown}
 n - a potion of resistance {unknown}
 p - 2 potions of poison {unknown}
 u - a potion of brilliance {unknown}
 A - a potion of curing {unknown}
Comestibles
 e - 5 bread rations
 j - a beef jerky
 l - 3 slices of pizza
 v - a meat ration
 w - 4 chunks of flesh
 z - a royal jelly


   Skills:
 - Level 3.2 Fighting
 * Level 5.2 Axes
 + Level 5.1 Armour
 + Level 5.3 Shields


You had 6 spell levels left.
You didn't know any spells.

Dungeon Overview and Level Annotations

Branches:
Dungeon (4/15)
 Temple: D:4-7

Altars:
Cheibriados
Makhleb
Okawaru
Qazlal
Ru


Innate Abilities, Weirdness & Mutations

You are under a permanent stasis effect.
You can dig through walls and to a lower floor.
Your four strong arms can wield two-handed weapons with a shield.
You have a pair of large antennae on your head (SInv).


Message History

Unknown command.
Drink which item? (? for menu, Esc to quit)
It was a potion of degeneration.
There was something very wrong with that liquid.
You feel weakened. The orc priest barely misses you.
The orc wizard hits you but does no damage.
Drink which item? (? for menu, Esc to quit)
It was a potion of haste.
Your stasis keeps you stable.
The orc priest completely misses you. The orc wizard closely misses you.
Drink which item? (? for menu, Esc to quit)
Okay, then.
Okay, then.
Are you sure you want to shaft yourself?
You feel somewhat more hungry. The orc priest barely misses you.
You block the orc wizard's attack.
You begin to dig a shaft.
You continue digging a shaft.
The orc priest mumbles some strange prayers to Beogh against you.
Something smites you!
You die...

## ##. .. .. . ## ### ##.
##. .. ##.## #.. #.[ o#
#...# #.# #.# o# #...# #.#
#.# o# #...####.# #.##o#
#...#..... ##..@o#
#.....#### #####...###
#.....##.. ##.....#.#
######.....#...
##..####..###.......##.#...
#..####..##...###..###.....
## #.##
#..##..#..........#... .#
#.# #.##..#......####.#...
.# ##.####.##....######
#.##.. .#####........<...##
#.####


You could see 2 orc priests, an orc wizard and 2 orcs.

Vanquished Creatures
  Sigmund (D:2)
  A crimson imp (D:3)
  Ijyb (D:2)
  An orc wizard (D:4)
  Jessica (D:2)
  5 adders
  An ooze (D:3)
  A worm (D:4)
  4 orcs (D:3)
  7 bats
  8 goblins
  6 hobgoblins
  3 quokkas
  10 giant cockroaches
  8 giant newts
  11 jackals (D:2)
  11 kobolds
  13 rats
93 creatures vanquished.

Notes
Turn   | Place    | Note
--------------------------------------------------------------
     0 | D:1      | hornqvist the Formicid Fighter began the quest for the Orb.
     0 | D:1      | Reached XP level 1. HP: 18/18 MP: 1/1
   202 | D:1      | Reached XP level 2. HP: 20/24 MP: 2/2
   634 | D:1      | Reached XP level 3. HP: 26/29 MP: 3/3
   739 | D:2      | Reached skill level 4 in Shields
   942 | D:2      | Noticed Sigmund
   952 | D:2      | Killed Sigmund
   952 | D:2      | Reached XP level 4. HP: 33/35 MP: 4/4
   952 | D:2      | Reached XP level 5. HP: 38/41 MP: 5/5
   952 | D:2      | Reached XP level 6. HP: 43/47 MP: 6/6
   955 | D:2      | Noticed Ijyb
   972 | D:2      | Killed Ijyb
  1300 | D:2      | Found a burning altar of Makhleb.
  1300 | D:2      | Found an iron altar of Okawaru.
  1337 | D:2      | Noticed Jessica
  1343 | D:2      | Killed Jessica
  1343 | D:2      | Reached skill level 5 in Shields
  1522 | D:3      | Found a stormy altar of Qazlal.
  1627 | D:3      | Reached skill level 5 in Axes
  2175 | D:3      | Reached skill level 5 in Armour
  2319 | D:4      | Reached XP level 7. HP: 48/52 MP: 7/7
  2463 | D:4      | Found a snail-covered altar of Cheibriados.
  2672 | D:4      | Found a sacrificial altar of Ru.
  2787 | D:4      | Killed from afar by an orc priest

Vault maps used:
D:1:      lightli_arrival_boilingwater, corexii_corridor_pit
D:2:      gammafunk_temple_overflow_wave, first_bread, uniq_jessica, uniq_iyjb,
          uniq_sigmund
D:3:      grunt_qazlal_sundering
D:4:      old_standard_altar, nicolae_ru_great_annihilating_truth

Action                   |  1- 3 |  4- 6 |  7- 9 || total
-------------------------+-------+-------+-------++-------
Melee: War axe           |    76 |   132 |    53 ||   261
 Abil: Shaft Self        |       |       |     1 ||     1
  Use: Potion            |     1 |       |     2 ||     3
 Stab: Paralysed         |       |       |     1 ||     1
  Eat: Chunk             |       |     5 |     1 ||     6
